 Dungeon Crawl Stone Soup version 0.25-a0-310-g60f0ac2d9a (webtiles) character file.

Game seed: 7702715163376647597, levelgen mode: classic

128178 Borgoz the Bludgeoner (level 17, 0/112 HPs)
             Began as a Gargoyle Berserker on Dec 24, 2019.
             Was a High Priest of Trog.
             Slain by a tyrant leech (9 damage)
             ... on level 3 of the Swamp.
             The game lasted 01:06:37 (29269 turns).

Borgoz the Bludgeoner (Gargoyle Berserker)         Turns: 29269, Time: 01:06:38

Health: 0/112      AC: 41    Str: 23    XL:     17   Next: 2%
Magic:  0/19       EV: 21    Int:  8    God:    Trog [*****.]
Gold:   869        SH:  0    Dex: 22    Spells: 16/16 levels left

rFire    . . .     SeeInvis .   a - +9 great mace
rCold    + . .     Gourm    .   (shield currently unavailable)
rNeg     + + .     Faith    .   b - +9 scale mail "Aptycoje" {Dex+4}
rPois    ∞         Spirit   +   q - +2 helmet "Holod" {rC+}
rElec    +         Reflect  .   p - +1 cloak of the Mind {rN+ Dex+4}
rCorr    .         Harm     .   M - +0 pair of gloves {archery}
MR       +....                  r - +0 pair of boots {Stlth+}
Stlth    ++++......             X - amulet of guardian spirit
HPRegen  0.28/turn              O - ring of Shadows {Umbra +Inv Stlth+}
MPRegen  0.16/turn              L - +3 ring of slaying

@: berserk cooldown, flying, slowed, wreathed by umbra, very slow
A: big wings, negative energy resistance 1, electricity resistance, unbreathing,
petrification resistance, rot immunity, AC +12
a: Stop Flying, Berserk, Trog's Hand, Brothers in Arms, Renounce Religion, Evoke
Invisibility


You were on level 3 of the Swamp.
You worshipped Trog.
Trog was extremely pleased with you.
You were not hungry.

You visited 4 branches of the dungeon, and saw 26 of its levels.
You also visited: Ossuary, Bailey, Gauntlet and Volcano.

You collected 3288 gold pieces.
You spent 2419 gold pieces at shops.

Inventory:

Hand Weapons
 a - a +9 great mace (weapon)
Armour
 b - the +9 scale mail "Aptycoje" (worn) {Dex+4}
   (You bought it in a shop on level 15 of the Dungeon)

   It affects your dexterity (+4).
 p - the +1 cloak of the Mind (worn) {rN+ Dex+4}
   (You found it in a Gauntlet)

   It affects your dexterity (+4).
   It protects you from negative energy.
 q - the +2 helmet "Holod" (worn) {rC+}
   (You found it in a Gauntlet)

   It protects you from cold.
 r - a +0 pair of boots of stealth (worn)
 z - a +2 hat of magic resistance
 G - a +1 helmet
 M - a +0 pair of gloves of archery (worn)
Jewellery
 v - an uncursed ring of see invisible
 B - an uncursed ring of protection from fire
 D - an uncursed ring of resist corrosion
 I - the ring "Qejet" {rPois rC+ Dex+5}
   (You bought it in a shop on level 2 of the Orcish Mines)

   [ring of poison resistance]

   It affects your dexterity (+5).
   It protects you from cold.
   It protects you from poison.
 L - a +3 ring of slaying (right hand)
 O - the ring of Shadows (left hand) {Umbra +Inv Stlth+}
   (You found it in a Gauntlet)

   [ring of stealth]

   It lets you turn invisible.
   It makes you more stealthy.
 X - an amulet of guardian spirit (around neck)
Wands
 k - a wand of iceblast (40)
 s - a wand of paralysis (8)
 x - a wand of acid (24)
 y - a wand of polymorph (4)
 F - a wand of flame (25)
 H - a wand of clouds (3)
 K - a wand of digging (5)
Scrolls
 f - 12 scrolls of teleportation
 h - a scroll of fog
 o - 11 scrolls of remove curse
 u - a scroll of identify
 C - 2 scrolls of magic mapping
 J - a scroll of silence
 N - 2 scrolls of fear
 Y - 2 scrolls of holy word
 Z - 2 scrolls of blinking
Potions
 d - 3 potions of resistance
 e - a potion of magic
 g - 4 potions of berserk rage
 i - 3 potions of haste
 j - 3 potions of invisibility
 l - 6 potions of curing
 m - 2 potions of might
 n - a potion of mutation
 t - a potion of ambrosia
 w - 2 potions of agility
 A - 5 potions of heal wounds
 E - 5 potions of cancellation
Comestibles
 c - 53 rations


   Skills:
 * Level 14.5 Fighting
 * Level 16.5 Maces & Flails
 * Level 15.4 Armour
 * Level 12.3 Dodging
 - Level 5.0 Stealth
 + Level 3.3 Evocations


You had 16 spell levels left.
You didn't know any spells.
Your spell library was empty.

Dungeon Overview and Level Annotations

Branches:
Dungeon (15/15)            Temple (0/1) D:6            Lair (6/6) D:8
  Swamp (3/4) Lair:3        Snake (0/4) Lair:4        Slime (0/5) Lair:5
    Orc (2/2) D:10            Elf (0/3) Orc:2        Vaults (0/5) D:14
 Depths (0/5) D:15        Ossuary (visited)          Bailey (visited)
Volcano (visited)         Gauntlet (visited)

Altars:
Dithmenos
Fedhas
Gozag
Hepliaklqana
Kikubaaqudgha
Okawaru
Ru
Sif Muna
Trog
Yredelemnul
Zin
The Shining One
Jiyva

Shops:
D:11 (   D:12 =   D:15 [(?[   Orc:2 %[*%=


Innate Abilities, Weirdness & Mutations

You are resistant to torment.
Your stone body is resilient. (AC +12)
You are immune to poison.
Your large and strong wings let you fly indefinitely.
You resist negative energy. (rN+)
You are resistant to electric shocks. (rElec)
You can survive without breathing.
You are immune to petrification.
You are immune to rotting.


Message History

The tyrant leech bites you but does no damage.
You sock the tyrant leech!
The tyrant leech is moderately wounded.
The vampire mosquito completely misses you.
The vampire mosquito misses you. x2
You completely miss the tyrant leech.
The tyrant leech is moderately wounded.
You are no longer berserk.
You are exhausted.
You feel yourself slow down.
The vampire mosquito closely misses you.
The vampire mosquito misses you. The tyrant leech closely misses you.
The vampire mosquito closely misses you.
You bludgeon the tyrant leech!!
The tyrant leech is severely wounded.
The vampire mosquito misses you. x2
The vampire mosquito completely misses you.
The vampire mosquito closely misses you.
The tyrant leech bites you!
You die...

♣....♣♣≈≈.≈.≈...♣
♣♣...≈≈....$...♣♣ .♣♣
♣♣............♣ ♣.≈♣
♣.≈≈..........♣ ...≈♣♣
♣♣..........[.♣ .....♣
♣....$..♣♣...♣♣♣...≈..
.§.....♣♣...........§≈
≈...≈...♣♣....yw.....$§
.≈≈♣♣ ♣....y@)...♣♣ ≈♣
♣♣♣.....≈≈♣♣ ♣≈.≈.≈..≈♣
♣..≈......≈
.≈.....≈......
...§......≈...≈
.≈.........≈...
....≈......≈...


You could see a tyrant leech and 2 vampire mosquitoes.

Vanquished Creatures
  Rupert (Orc:2)
  Jorgrun (Swamp:3)
  Roxanne (D:14)
  Louise (Swamp:3)
  A ghoul (Swamp:1)
  Azrael (D:15)
  A minotaur (Gauntlet)
  A dire elephant (Gauntlet)
  An ettin (D:15)
  Snorg (Orc:2)
  2 shambling mangroves
  4 vault guards (D:14)
  8 hydras
  7 centaur warriors
  A ghost crab (Swamp:3)
  8 two-headed ogres
  6 alligators
  4 tengu warriors
  A hell hog (Volcano)
  4 spriggans
  A fire crab (Volcano)
  A death drake (Gauntlet)
  A swamp dragon (Swamp:2)
  2 wizards
  4 lindwurms (D:14)
  A necromancer (D:14)
  A spectral wolf spider (Gauntlet)
  A deep troll (D:15)
  A spriggan druid (Swamp:3)
  4 orc knights
  A lindwurm (shapeshifter) (D:12)
  A wolf spider (D:15)
  5 deep elf magi
  4 cyclopes
  7 ugly things
  3 manticores
  4 oklob plants (Lair:5)
  15 slime creatures
  Joseph (D:8)
  Maurice (Orc:2)
  10 elephants
  5 black mambas
  2 centaur zombies
  A gargoyle (D:13)
  12 spiny frogs
  A rime drake (Lair:6)
  2 kobold demonologists (D:12)
  9 komodo dragons
  3 tengu conjurers
  9 polar bears (Lair:6)
  8 hornets
  3 trolls
  9 tyrant leeches
  Prince Ribbit (D:7)
  3 harpy skeletons (D:14)
  12 bog bodies
  2 raiju (Lair:6)
  13 dream sheep
  16 blink frogs
  2 meliai zombies
  8 hippogriffs
  5 wyverns
  2 wraiths
  30 yaks
  9 shadows
  2 fire elementals (D:15)
  3 hogs (D:7)
  A human (shapeshifter) (D:15)
  6 fire bats
  9 humans
  A hungry ghost (D:9)
  2 basilisks
  5 vampire mosquitoes
  2 nagas (Lair:4)
  8 wargs
  A swamp worm (shapeshifter) (D:12)
  6 swamp worms
  8 insubstantial wisps (Swamp:2)
  23 hell hounds
  Duvessa (D:4)
  12 water moccasins
  9 swamp drakes
  2 acid dragons (D:13)
  6 porcupines
  3 ice beasts
  An eye of draining (shapeshifter) (D:13)
  A hornet zombie (D:13)
  15 black bears
  14 ogres
  An eye of draining (D:13)
  6 sky beasts
  23 wolves
  6 necrophages
  29 orc warriors
  3 phantoms
  19 centaurs
  11 crocodiles
  An elf zombie (D:10)
  15 bullfrogs
  3 water moccasin zombies (Ossuary)
  Dowan (D:4)
  5 scorpions
  9 wights
  9 killer bees
  A troll zombie (D:10)
  10 howler monkeys
  3 electric eels
  4 crimson imps
  12 hounds
  6 jellies
  3 quasits
  A human zombie (D:10)
  A bullfrog skeleton (D:3)
  7 centaur skeletons
  7 iguanas
  12 orc priests
  7 hell rats (Lair:5)
  2 human skeletons (D:10)
  28 orc wizards
  17 worker ants
  A killer bee zombie (D:7)
  6 big kobold zombies (Ossuary)
  2 hound skeletons
  5 mummies
  4 gnolls
  11 adders
  5 shadow imps
  An ooze (D:4)
  6 adder zombies (Ossuary)
  An adder skeleton (D:7)
  6 worms
  3 dart slugs
  3 leopard geckos
  83 orcs
  2 ball pythons (D:1)
  8 giant cockroaches
  A gnoll zombie (Ossuary)
  11 hobgoblins
  6 jackals
  5 kobolds
  3 quokkas
  7 bats
  3 frilled lizards
  6 goblins
  2 hobgoblin zombies (Ossuary)
  3 kobold zombies (Ossuary)
  An orc zombie (D:10)
  3 rats
  2 fungi (Lair:5)
  4 plants
898 creatures vanquished.

Vanquished Creatures (others)
  An ogre mage (D:15)
  A swamp dragon (Swamp:3)
  3 orc warriors (Orc:2)
  4 orcs
  4 fungi
  10 plants
23 creatures vanquished.

Grand Total: 921 creatures vanquished

Notes
Turn   | Place    | Note
-------+----------+-------------------------------------------
     0 | D:1      | Borgoz the Gargoyle Berserker began the quest for the Orb.
     0 | D:1      | Reached XP level 1. HP: 14/14 MP: 1/1
   239 | D:1      | Reached XP level 2. HP: 5/19 MP: 2/2
   581 | D:1      | Reached XP level 3. HP: 8/23 MP: 3/3
  1044 | D:1      | Reached ** piety under Trog
  1433 | D:2      | Reached XP level 4. HP: 26/28 MP: 4/4
  1802 | D:2      | Found a faded altar of an unknown god.
  1855 | D:2      | Reached skill level 4 in Maces & Flails
  1858 | D:2      | Reached XP level 5. HP: 30/32 MP: 5/5
  2174 | D:2      | Found a glowing silver altar of Zin.
  3288 | D:3      | Reached *** piety under Trog
  3288 | D:3      | Reached XP level 6. HP: 37/37 MP: 6/6
  3333 | D:3      | Found a glowing golden altar of the Shining One.
  3767 | D:4      | Reached skill level 5 in Maces & Flails
  3769 | D:4      | Reached XP level 7. HP: 34/41 MP: 7/7
  3861 | D:4      | Noticed Dowan
  3863 | D:4      | Noticed Duvessa
  3876 | D:4      | Killed Duvessa
  3876 | D:4      | Reached skill level 5 in Armour
  3895 | D:4      | Killed Dowan
  4625 | D:5      | Entered Level 5 of the Dungeon
  4906 | D:5      | Reached **** piety under Trog
  4991 | D:6      | Found a staircase to the Ecumenical Temple.
  5025 | D:6      | Reached XP level 8. HP: 43/46 MP: 8/8
  5060 | D:6      | Reached skill level 6 in Maces & Flails
  5328 | D:6      | Found a shadowy altar of Dithmenos.
  5576 | D:6      | Noticed a two-headed ogre
  5585 | D:6      | Killed a two-headed ogre
  5585 | D:6      | Reached skill level 7 in Maces & Flails
  5585 | D:6      | Reached skill level 5 in Dodging
  5585 | D:6      | Reached XP level 9. HP: 51/51 MP: 9/9
  5873 | D:7      | Found a flagged portal.
  5882 | Bailey   | Entered a bailey
  5929 | Bailey   | Noticed an orc knight
  5944 | Bailey   | Noticed an orc knight
  5958 | Bailey   | Killed an orc knight
  6005 | Bailey   | Got a brightly glowing plate armour
  6023 | Bailey   | Identified the +4 plate armour of Henotheism {rPois Int+2}
                  | (You found it in a bailey)
  6125 | D:7      | Reached skill level 8 in Maces & Flails
  6269 | D:7      | Noticed Prince Ribbit
  6359 | D:7      | Reached XP level 10. HP: 56/56 MP: 10/10
  6408 | D:7      | Found a sand-covered staircase.
  6417 | Ossuary  | Entered an ossuary
  6656 | D:7      | Reached skill level 9 in Maces & Flails
  7134 | D:7      | You fall into a shaft and drop 2 floors!
  7483 | D:8      | Reached ***** piety under Trog
  7483 | D:8      | Received a gift from Trog
  7658 | D:8      | Reached skill level 10 in Armour
  7863 | D:8      | Found a staircase to the Lair.
  7926 | D:8      | Noticed a two-headed ogre
  7935 | D:8      | Killed a two-headed ogre
  7935 | D:8      | Reached skill level 10 in Maces & Flails
  7935 | D:8      | Reached XP level 11. HP: 60/60 MP: 3/11
  7946 | D:8      | Noticed Joseph
  7967 | D:8      | Killed Joseph
  8300 | D:7      | Killed Prince Ribbit
  8440 | D:7      | Found a hazy altar of Hepliaklqana.
  8443 | D:7      | Found a basalt altar of Yredelemnul.
  8446 | D:7      | Found a blossoming altar of Fedhas.
  8480 | D:7      | Found a bloodstained altar of Trog.
  8905 | D:9      | Found a viscous altar of Jiyva.
  8919 | D:9      | Received a gift from Trog
  9311 | D:10     | Entered Level 10 of the Dungeon
  9587 | D:10     | Found a staircase to the Orcish Mines.
  9696 | D:10     | Found an ancient bone altar of Kikubaaqudgha.
  9920 | D:11     | Found Piadud's Antique Weapon Boutique.
 10120 | D:11     | Noticed a two-headed ogre
 10127 | D:11     | Killed a two-headed ogre
 10127 | D:11     | Reached skill level 11 in Maces & Flails
 10234 | D:11     | Noticed a five-headed hydra
 10243 | D:11     | Killed a five-headed hydra
 10357 | D:11     | Noticed a deep elf mage
 10358 | D:11     | Noticed a deep elf mage
 10373 | D:11     | Killed a deep elf mage
 10412 | D:11     | Noticed a wizard
 10430 | D:11     | Noticed a wizard
 10449 | D:11     | Killed a wizard
 10449 | D:11     | Reached XP level 12. HP: 68/68 MP: 12/12
 10463 | D:11     | Reached skill level 5 in Fighting
 11142 | D:12     | Found an iron altar of Okawaru.
 11159 | D:12     | Received a gift from Trog
 11218 | D:12     | Found an opulent altar of Gozag.
 11219 | D:12     | Noticed a centaur warrior
 11539 | D:12     | Killed a centaur warrior
 11644 | D:12     | You fall into a shaft and drop 3 floors!
 11644 | D:15     | Entered Level 15 of the Dungeon
 11644 | D:15     | Noticed a tengu warrior
 11648 | D:15     | Noticed an ettin
 11661 | D:15     | Killed an ettin
 11668 | D:15     | Reached skill level 12 in Maces & Flails
 11680 | D:15     | Killed a tengu warrior
 11843 | D:15     | Noticed a two-headed ogre
 11850 | D:15     | Noticed a centaur warrior
 11857 | D:15     | Killed a two-headed ogre
 11863 | D:15     | Noticed a two-headed ogre
 11880 | D:15     | Noticed a two-headed ogre
 11883 | D:15     | Noticed a two-headed ogre
 11894 | D:15     | Noticed an ogre mage
 11895 | D:15     | Killed a centaur warrior
 11900 | D:15     | Killed a two-headed ogre
 11907 | D:15     | Killed a two-headed ogre
 11924 | D:15     | Killed an ogre mage
 11927 | D:15     | Reached XP level 13. HP: 41/78 MP: 13/13
 11978 | D:15     | Found Miuvy's Antique Weapon Shoppe.
 11983 | D:15     | Found a staircase to the Depths.
 12001 | D:15     | Noticed Azrael
 12049 | D:15     | Killed Azrael
 12049 | D:15     | Reached skill level 10 in Dodging
 12310 | D:15     | Found Ruwaitzu's Armour Emporium.
 12469 | D:15     | Bought a transparent mace for 192 gold pieces
 12469 | D:15     | Identified the +7 mace "Zylouw" {freeze, rF- Str+3 Dex+2
                  | SInv} (You bought it in a shop on level 15 of the Dungeon)
 12580 | D:15     | Found Coret's Armour Emporium.
 12628 | D:15     | Reached skill level 13 in Maces & Flails
 13083 | D:15     | Found Hedeimer's Magic Scroll Shop.
 13505 | D:14     | Reached skill level 10 in Fighting
 13547 | D:14     | Noticed a vault guard
 13547 | D:14     | Noticed a vault guard
 13547 | D:14     | Noticed a vault guard
 13560 | D:14     | Killed a vault guard
 13563 | D:14     | Received a gift from Trog
 13572 | D:14     | Killed a vault guard
 13595 | D:14     | Noticed a vault guard
 13617 | D:14     | Killed a vault guard
 13626 | D:14     | Killed a vault guard
 13629 | D:14     | Gained mutation: Your large and strong wings let you fly
                  | indefinitely. [Gargoyle growth]
 13629 | D:14     | Reached XP level 14. HP: 85/88 MP: 14/14
 13879 | D:14     | Found a gate to the Vaults.
 14160 | D:12     | Found Wisoj's Jewellery Shop.
 14814 | D:13     | Reached skill level 14 in Maces & Flails
 14823 | D:13     | Got a steaming pewter ring
 14891 | D:13     | Identified the ring of the Kraken {+Inv +Fly Str-5 Int+8
                  | Dex-3} (You found it on level 13 of the Dungeon)
 15186 | D:13     | Received a gift from Trog
 15225 | D:13     | Found a bloodstained altar of Trog.
 15554 | Lair:1   | Entered Level 1 of the Lair of Beasts
 17693 | Lair:3   | Found a staircase to the Swamp.
 18420 | Lair:4   | Found a shimmering blue altar of Sif Muna.
 18525 | Lair:4   | Found a staircase to the Snake Pit.
 18924 | Lair:5   | Received a gift from Trog
 18996 | Lair:5   | Found a gate leading to a gauntlet.
 19021 | Gauntlet | Entered a Gauntlet
 19021 | Gauntlet | Found a transporter.
 19025 | Gauntlet | Found a transporter.
 19028 | Gauntlet | Found a transporter.
 19029 | Gauntlet | Found a transporter.
 19032 | Gauntlet | Found a transporter.
 19033 | Gauntlet | Found a transporter.
 19059 | Gauntlet | Found a transporter.
 19072 | Gauntlet | Found a transporter.
 19075 | Gauntlet | Noticed a dire elephant
 19132 | Gauntlet | Found a transporter.
 19148 | Gauntlet | Found a transporter.
 19152 | Gauntlet | Found a transporter.
 19164 | Gauntlet | Identified the ring "Laobb" {*Tele rPois}
 19165 | Gauntlet | Found a transporter.
 19239 | Gauntlet | Reached XP level 15. HP: 97/97 MP: 12/15
 19247 | Gauntlet | Got a brightly glowing cloak
 19259 | Gauntlet | Identified the +1 cloak of the Mind {rN+ Dex+4} (You found
                  | it in a Gauntlet)
 19356 | Gauntlet | Got a crude helmet
 19369 | Gauntlet | Identified the +2 helmet "Holod" {rC+} (You found it in a
                  | Gauntlet)
 19430 | Gauntlet | Found the ring of Shadows {Umbra +Inv Stlth+}
 19489 | Lair:5   | Reached skill level 15 in Maces & Flails
 19560 | Lair:5   | Found a staircase to the Slime Pits.
 19913 | Lair:5   | Reached skill level 1 in Stealth
 20796 | Lair:6   | Entered Level 6 of the Lair of Beasts
 20877 | Lair:6   | Received a gift from Trog
 21756 | Lair:6   | Received a gift from Trog
 22777 | D:15     | Bought the +9 scale mail "Aptycoje" {Dex+4} for 708 gold
                  | pieces
 23281 | D:14     | Noticed Roxanne
 23297 | D:14     | Killed Roxanne
 24328 | Orc:1    | Entered Level 1 of the Orcish Mines
 24365 | Orc:1    | Received a gift from Trog
 24374 | Orc:1    | Reached XP level 16. HP: 70/105 MP: 12/16
 24447 | Orc:1    | Found a dark tunnel.
 24469 | Volcano  | Entered a volcano
 25148 | Orc:2    | Entered Level 2 of the Orcish Mines
 25148 | Orc:2    | Found a staircase to the Elven Halls.
 25148 | Orc:2    | Noticed Snorg
 25166 | Orc:2    | Killed Snorg
 25192 | Orc:2    | Found Dodoaj's Jewellery Shop.
 25210 | Orc:2    | Reached skill level 1 in Evocations
 25234 | Orc:2    | Noticed Rupert
 25257 | Orc:2    | Killed Rupert
 25258 | Orc:2    | Reached skill level 5 in Stealth
 25277 | Orc:2    | Received a gift from Trog
 25453 | Orc:2    | Found Okuis's Food Shoppe.
 25454 | Orc:2    | Found Hiti's General Store.
 25454 | Orc:2    | Found Wuebbem's Antique Armour Emporium.
 25510 | Orc:2    | Reached skill level 16 in Maces & Flails
 25560 | Orc:2    | HP: 1/105 [orc warrior/+0 trident (6)]
 25657 | Orc:2    | Noticed Maurice
 25684 | Orc:2    | Killed Maurice
 25925 | Orc:2    | Found Jeisa's Food Boutique.
 25943 | Orc:2    | Bought a fine chain mail for 266 gold pieces
 25953 | Orc:2    | Identified the +5 chain mail "Tinal" {+Fly} (You bought it
                  | in a shop on level 2 of the Orcish Mines)
 26391 | Orc:2    | Bought the ring "Qejet" {rPois rC+ Dex+5} for 623 gold
                  | pieces
 26391 | Orc:2    | Bought a +3 ring of slaying for 630 gold pieces
 26622 | Swamp:1  | Entered Level 1 of the Swamp
 26719 | Swamp:1  | Received a gift from Trog
 27225 | Swamp:1  | Reached skill level 15 in Armour
 28169 | Swamp:2  | Found a sacrificial altar of Ru.
 28677 | Swamp:3  | Noticed Jorgrun
 28691 | Swamp:3  | Killed Jorgrun
 29160 | Swamp:3  | Received a gift from Trog
 29220 | Swamp:3  | Noticed Louise
 29236 | Swamp:3  | Killed Louise
 29247 | Swamp:3  | Reached XP level 17. HP: 68/112 MP: 11/19
 29269 | Swamp:3  | Slain by a tyrant leech

Levels and vault maps discovered:
D:1:      tarquinn_simple_flora_water_e, layout_loops_corners
D:2:      layout_loops_corners, zin_treasury, chequers_ecumenical_altar_simple
D:3:      layout_rooms, tso_oasis_becter
D:4:      layout_loops_ring, first_ration, chequers_big_river, uniq_duvessa
D:5:      layout_basic, bh_chokoban
D:6:      layout_gridville, minmay_temple_entry_statues_fountains, basic_altar,
          wad_floor_pattern_2, corexii_leaking_fountain
D:7:      kennysheep_six_static_rooms, layout_cave_pools,
          grunt_temple_overflow_cloverleaf, enter_ossuary_1, enter_bailey_2,
          grunt_livestock, uniq_prince_ribbit1
D:8:      layout_loops_ring, lair_entry_dummy, uniq_joseph
D:9:      layout_layer_cave, jiyva_altar_1
D:10:     layout_rooms, orc_0_dummy, lemuel_mausoleum_altar_kikubaaqudgha
D:11:     layout_irregular_city, serial_shops, shop, bh_hangedman_babel_library
D:12:     layout_grid_maze, serial_shops, shop, jmf_multi_god_temple
D:13:     layout_roguey, corexii_corridor_pit, minmay_ruined_shrine
D:14:     layout_irregular_city, ximxim_vaults_locker_room,
          hangedman_decor_riveting, minmay_lindwurm_lava, uniq_roxanne
D:15:     hangedman_depths_entry_civil_slaughter, layout_loops_cross,
          serial_shops, shop, shop, shop_fountains, shop, uniq_azrael
Lair:1:   layout_small_grid
Lair:2:   layout_regular_city
Lair:3:   layout_chaotic_city, nicolae_swamp_entry_splash_gauntlet,
          chequers_serial_rivers_large_b, beast_lair_carwin_5
Lair:4:   layout_regular_city, guppyfry_snake_entry_garden, basic_altar
Lair:5:   layout_gridlike, minmay_slime_entry_pillars, gauntlet_entry_generic,
          minmay_lair_oklob_chamber, infiniplex_staircase_pool,
          serial_bayou_shore_b, serial_bayou_shore_b, lemuel_fruit_tree
Lair:6:   hangedman_lair_caniforms_friends, layout_long_grid,
          serial_bayou_shore_a
Swamp:1:  layout_falls_marsh, nicolae_swamp_treefoil, st_shrine_of_shade
Swamp:2:  layout_falls_marsh, basic_altar
Swamp:3:  layout_basic_swamp, nicolae_swamp_trees_clearing, swamp_pool3,
          uniq_jorgrun, uniq_louise
Orc:1:    layout_caves, nicolae_volcano_entry_lava_flow
Orc:2:    st_orc_rangers, layout_diamond_mine, serial_shops, shop, uniq_snorg,
          uniq_maurice, uniq_rupert

Skill      XL: |  1  2  3  4  5  6  7  8  9 10 11 12 13 14 15 16 |
---------------+-------------------------------------------------+-----
Dodging        | 2 3 4 5 6 8 9 10 11 12 | 12.3
Armour         | 3 4 5 7 9 10 11 12 13 14 15 | 15.4
Maces & Flails | 4 5 7 8 10 11 12 13 14 15 16 | 16.5
Fighting       | 4 8 10 12 13 14 | 14.5
Stealth        | 4 5 |  5.0
Evocations     | 3 |  3.3

Action                   |  1- 3 |  4- 6 |  7- 9 | 10-12 | 13-15 | 16-18 || total
-------------------------+-------+-------+-------+-------+-------+-------++-------
Melee: Mace              |   103 |   127 |       |       |       |       ||   230
       Morningstar       |       |    37 |       |       |       |       ||    37
       Whip              |       |    67 |   249 |   827 |   100 |       ||  1243
       Dire flail        |       |       |       |   277 |   443 |       ||   720
       Eveningstar       |       |       |       |       |   842 |       ||   842
       Great mace        |       |       |       |       |   117 |   682 ||   799
Invok: Berserk           |       |     1 |     4 |    11 |     9 |     4 ||    29
       Trog's Hand       |       |       |     4 |     3 |     3 |     3 ||    13
 Abil: Fly               |       |       |       |       |     1 |       ||     1
Evoke: Wand              |       |       |     7 |       |     3 |       ||    10
  Use: Scroll            |       |       |    12 |     8 |    15 |     1 ||    36
       Potion            |       |       |     1 |       |     5 |     1 ||     7
 Stab: Sleeping          |     1 |       |       |       |     1 |     3 ||     5
       Invisible         |       |       |     1 |       |       |       ||     1
       Confused          |       |       |       |       |       |     5 ||     5
       Distracted        |       |       |       |       |       |     1 ||     1
  Eat: Chunk             |     2 |     8 |    13 |    22 |    45 |    18 ||   108
       Ration            |       |       |       |     4 |     2 |     1 ||     7
Armor: Animal skin       |    14 |       |       |       |       |       ||    14
       Scale mail        |    41 |   106 |    47 |       |   113 |   461 ||   768
       Plate armour      |       |       |    93 |   641 |   975 |       ||  1709
Dodge: Dodged            |    73 |   153 |   114 |   422 |  1296 |  1355 ||  3413

Table legend:
 A = Non-vault XP
 B = Vault XP
 C = Vault XP percentage of total XP
 D = Non-vault monster count
 E = Vault monster count
 F = Vault count percentage of total count
                 A         B        C        D         E       F
            +---------+---------+-------+---------+---------+-------
      Total |  115136 |   67976 |  37.1 |     652 |     245 |  27.3
            +---------+---------+-------+---------+---------+-------
        D:1 |      55 |       0 |   0.0 |      23 |       0 |   0.0
        D:2 |     157 |       0 |   0.0 |      27 |       0 |   0.0
        D:3 |     154 |       0 |   0.0 |      26 |       0 |   0.0
        D:4 |     327 |     229 |  41.2 |      25 |       2 |   7.4
        D:5 |     239 |       0 |   0.0 |      11 |       0 |   0.0
        D:6 |    1580 |       0 |   0.0 |      13 |       0 |   0.0
        D:7 |    1436 |    1712 |  54.4 |      27 |      10 |  27.0
        D:8 |    2925 |     493 |  14.4 |      34 |       1 |   2.9
        D:9 |    1385 |     171 |  11.0 |      26 |       4 |  13.3
       D:10 |    1332 |     721 |  35.1 |      14 |      12 |  46.2
       D:11 |    3597 |    1239 |  25.6 |      23 |       2 |   8.0
       D:12 |    3875 |    2756 |  41.6 |      21 |       5 |  19.2
       D:13 |    7339 |    1962 |  21.1 |      29 |       7 |  19.4
       D:14 |   11222 |   10636 |  48.7 |      37 |      18 |  32.7
       D:15 |   12878 |    7058 |  35.4 |      27 |      15 |  35.7
     Lair:1 |    3322 |       0 |   0.0 |      13 |       0 |   0.0
     Lair:2 |    4566 |       0 |   0.0 |      21 |       0 |   0.0
     Lair:3 |    2874 |    1141 |  28.4 |      12 |       7 |  36.8
     Lair:4 |    2281 |     329 |  12.6 |       8 |       2 |  20.0
     Lair:5 |    5862 |    3086 |  34.5 |      31 |      10 |  24.4
     Lair:6 |   13263 |    9817 |  42.5 |      49 |      56 |  53.3
    Swamp:1 |    4449 |    3634 |  45.0 |      14 |      12 |  46.2
    Swamp:2 |   16026 |      10 |   0.1 |      46 |       1 |   2.1
    Swamp:3 |    9273 |    4538 |  32.9 |      23 |       2 |   8.0
      Orc:1 |    2507 |       0 |   0.0 |      51 |       0 |   0.0
      Orc:2 |    2212 |   10023 |  81.9 |      21 |      37 |  63.8
    Ossuary |       0 |     473 | 100.0 |       0 |      23 | 100.0
     Bailey |       0 |     761 | 100.0 |       0 |       5 | 100.0
    Volcano |       0 |    2638 | 100.0 |       0 |       8 | 100.0
   Gauntlet |       0 |    4549 | 100.0 |       0 |       6 | 100.0
            +---------+---------+-------+---------+---------+-------
